 Dungeon Crawl Stone Soup version 0.27-a0-1548-gf8a67e7463 (webtiles) character file.

Game seed: 10321308432528491889

23 lunkers the Insei (level 3, -3/28 HPs)
             Began as a Djinni Warper on July 13, 2021.
             Slain by a kobold (10 damage)
             ... on level 2 of the Dungeon.
             The game lasted 00:00:58 (774 turns).

lunkers the Insei (Djinni Warper)                    Turns: 774, Time: 00:00:59

Health: -3/28      AC:  3    Str: 11    XL:     3   Next: 12%
Gold:   55         EV: 11    Int: 14    God:
                   SH:  3    Dex: 12

rFire    + + .     SeeInvis .     - Unarmed
rCold    x . .     Faith    .   i - +0 buckler
rNeg     . . .     Spirit   .   a - +0 leather armour
rPois    ∞         Reflect  .   (no helmet)
rElec    .         Harm     .   (no cloak)
rCorr    .         Rampage  .   (no gloves)
Will     .....                  (boots unavailable)
Stlth    +.........             h - amulet of regeneration
HPRegen  1.09/turn              (no ring)
MPRegen  0.00/turn              (no ring)

@: flying
A: sickness immunity, fire resistance 2, cold vulnerability 1, float, innate
caster, hp casting, extra vitality 1
a: no special abilities


You were on level 2 of the Dungeon.
You visited 1 branch of the dungeon, and saw 2 of its levels.

You collected 55 gold pieces.

Inventory:

Missiles
 c - 4 boomerangs of dispersal
 d - 8 poisoned darts (quivered)
 e - 53 stones
Armour
 a - a +0 leather armour (worn)
 i - a +0 buckler (worn)
Jewellery
 h - an amulet of regeneration (around neck)
Scrolls
 b - a scroll of blinking
Potions
 f - a potion of lignification {unknown}
 g - a potion of attraction {unknown}
 j - 2 potions of mutation {unknown}
 k - a potion of flight {unknown}


   Skills:
 - Level 2.0 Fighting
 - Level 0.7 Throwing
 - Level 1.0 Armour
 - Level 2.1 Dodging
 * Level 3.3 Unarmed Combat
 - Level 2.4 Spellcasting


You couldn't memorise any spells.
You knew the following spells:

 Your Spells              Type           Power      Damage    Failure   Level
b - Lesser Beckoning      Tloc           4%         N/A       50%         3
c - Gell's Gravitas       Tloc           4%         N/A       50%         3
d - Teleport Other        Tloc           8%         N/A       50%         3
e - Manifold Assault      Tloc           8%         N/A       99%         5
p - Blink                 Tloc           N/A        N/A       28%         2
w - Summon Small Mammal   Summ           32%        N/A       19%         1
Your spell library was empty.

Dungeon Overview and Level Annotations

Branches:
Dungeon (2/15)

Altars:


Innate Abilities, Weirdness & Mutations

You are immune to sickness and miasma.
You are immune to poison.
Your flesh is very heat resistant. (rF++)
You are vulnerable to cold. (rC-)
You float through the air rather than walking.
You learn spells naturally, not from books.
Your magical power is your life essence.
You have superior vitality. (+4 HP)


Message History

k - a fizzy emerald potion
d - 11 poisoned darts (gained 1)
You now have 55 gold pieces (gained 8).
e - 53 stones (gained 23)
Things that are here:
a +0 hunting sling; a +0 club
d - 12 poisoned darts (gained 1)
d - 13 poisoned darts (gained 1)
Things that are here:
a +0 hunting sling; a +0 club A kobold comes into view.
It is wielding a +2 short sword of electrocution.
The kobold shouts!
A kobold is nearby!
A kobold is nearby!
Unknown command.
You throw a poisoned dart.
The poisoned dart closely misses the kobold.
You throw a poisoned dart. The poisoned dart hits the kobold.
You throw a poisoned dart.
The poisoned dart completely misses the kobold.
A dart slug comes into view.
You throw a poisoned dart.
The poisoned dart barely misses the kobold.
You throw a poisoned dart.
The poisoned dart barely misses the kobold.
You barely miss the kobold. The kobold misses you.
Your leather armour prevents you from hitting the kobold.
The kobold hits you with a +2 short sword of electrocution.
You barely miss the kobold.
The kobold hits you with a +2 short sword of electrocution.
You are electrocuted!
Ouch! That really hurt!
* * * LOW HITPOINT WARNING * * *
Throw: 5 boomerangs (disperse)
Press: ? - help, Shift-Dir - straight line, f/p - kobold
Aim: a kobold, wielding a +2 short sword of electrocution (50% to hit)
You throw a boomerang of dispersal.
The boomerang of dispersal barely misses the kobold.
The kobold hits you but does no damage.
You are electrocuted!
You die...

.. ... ....# ....( ....
....# ....# ....###....#
...(### .....)...
..w(... ..... .......
#####.########....#
#<.)..........K...#
#.##.........@#######
#†.#...........)....#
#.####................#
#.....................#
#.......#..............#
#.......#..............#
#.......#.......(......#
+.......+..............#
#.......#####..........#


You could see a dart slug and a kobold.

Vanquished Creatures
  An adder (D:2)
  2 endoplasms (D:2)
  A goblin (D:2)
  3 hobgoblins
  A kobold (D:2)
  2 ball pythons
  2 bats
  A frilled lizard (D:1)
  A rat (D:1)
14 creatures vanquished.

Notes
Turn   | Place    | Note
-------+----------+-------------------------------------------
     0 | D:1      | lunkers the Djinni Warper began the quest for the Orb.
     0 | D:1      | Reached XP level 1. HP: 18/18 MP: 0/0
   292 | D:1      | Found a faded altar of an unknown god.
   644 | D:2      | Reached XP level 2. HP: 23/23 MP: 0/0
   671 | D:2      | Reached skill level 3 in Unarmed Combat
   676 | D:2      | Reached XP level 3. HP: 22/28 MP: 0/0
   676 | D:2      | Learned a level 1 spell: Summon Small Mammal
   774 | D:2      | Slain by a kobold

Illustrated notes

Levels and vault maps discovered:
D:1:      minmay_arrival_five_plusses, layout_rooms,
          shapermc_ecumenical_altar_acropolis, minmay_door_square
D:2:      layout_basic, uniq_robin

Skill      XL: |  1  2 |
---------------+-------+-----
Unarmed Combat | 3 |  3.3
Fighting       | |  2.0
Throwing       | |  0.7
Armour         | |  1.0
Dodging        | |  2.1
Spellcasting   | |  2.4

Action                   || total
-------------------------++-------
Melee: Unarmed           ||    46
       Punch             ||     1
Throw: Dart              ||    26
       Boomerang         ||     1
Armor: Leather armour    ||    13
Dodge: Dodged            ||    22
Block: Buckler           ||     2

Table legend: (Time is in decaauts)
 A = Elapsed time spent in this place.
 B = Non-inter-level travel time spent in this place.
 C = Inter-level travel time spent in this place.
 D = Time resting spent in this place.
 E = Time spent auto-exploring this place.
 F = Levels seen in this place.
 G = Mean time per level.
                   A        B        C        D        E       F      G
               +--------+--------+--------+--------+--------+-----+--------+
         Total |    774 |    698 |     76 |      0 |    558 |   2 |  387.0 |
       Dungeon |    774 |    698 |     76 |      0 |    558 |   2 |  387.0 |
               +--------+--------+--------+--------+--------+-----+--------+

Top non-repeatable levels by time:
     D:1: 641 daAuts
     D:2: 133 daAuts
